MLB
MIAMI MARLINS @ CHICAGO CUBS
05/08/2018
 
TOP OF THE 1ST
Miami Marlins batting - Pitching for Chicago Cubs : RHP Masahiro Tanaka
Pitching: RHP Masahiro Tanaka
Batting: LHB David Dahl 0-0: Swinging Strike
0-1: Fly out, F7 (Line Drive, 7)
Batting: LHB Alex Gordon 0-0: Foul Ball, location: 2F
0-1: Ball
1-1: Ball
2-1: Ball
3-1: SINGLE (Groundball, 4MD)
Batting: SHB Francisco Lindor 0-0: Foul Ball, location: 2F
0-1: Fielders Choice at 2nd, 5-4 (Groundball, 56)
Batting: RHB C.J. Cron 0-0: Ball
1-0: Foul Ball, location: 2F
1-1: Ball
2-1: Foul Ball, location: 2F
2-2: Ball
3-2: Ground out 5-3 (Groundball, 56)
Top of the 1st over - 0 runs, 1 hit, 0 errors, 1 left on base; Miami 0 - Chicago 0
BOTTOM OF THE 1ST
Chicago Cubs batting - Pitching for Miami Marlins : RHP Tanner Roark
Pitching: RHP Tanner Roark
Batting: SHB Yoan Moncada 0-0: Called Strike
0-1: Swinging Strike
0-2: Strikes out swinging
Batting: LHB Cody Bellinger 0-0: Foul Ball, location: 2F
0-1: Foul Ball, location: 2F
0-2: Strikes out swinging
Batting: RHB Zack Cozart 0-0: Foul Ball, location: 2F
0-1: Foul Ball, location: 2F
0-2: Strikes out swinging
Bottom of the 1st over - 0 runs, 0 hits, 0 errors, 0 left on base; Miami 0 - Chicago 0
TOP OF THE 2ND
Miami Marlins batting - Pitching for Chicago Cubs : RHP Masahiro Tanaka
Batting: LHB Max Kepler 0-0: Called Strike
0-1: Ball
1-1: Swinging Strike
1-2: Ball
2-2: Ball
3-2: Base on Balls
Batting: LHB Ryan Flaherty 0-0: Ball
1-0: Called Strike
1-1: Ball
2-1: Fly out, F7 (Flyball, 7)
Batting: RHB David Wright 0-0: Called Strike
0-1: Ball
1-1: Ball
2-1: Foul Ball, location: 2F
2-2: Ball
3-2: Foul Ball, location: 2F
3-2: SINGLE (Line Drive, 9S)
Max Kepler to second
Runner from 2nd tries for 3rd, SAFE, throw made to third
Batting: RHB Francisco Pena 0-0: SINGLE (Line Drive, 6M)
Max Kepler scores
David Wright to second
Batting: RHB Tanner Roark 0-0: Sac Bunt - play at first, batter OUT! 1-4
David Wright to third
Francisco Pena to second
Batting: LHB David Dahl 0-0: DOUBLE (Groundball, 5L)
David Wright scores
Francisco Pena scores
Batting: LHB Alex Gordon 0-0: Ball
1-0: Ball
2-0: Fly out, F6 (Popup, 6M)
Top of the 2nd over - 3 runs, 3 hits, 0 errors, 1 left on base; Miami 3 - Chicago 0
BOTTOM OF THE 2ND
Chicago Cubs batting - Pitching for Miami Marlins : RHP Tanner Roark
Batting: RHB Justin Upton 0-0: Called Strike
0-1: Called Strike
0-2: Ball
1-2: Ball
2-2: Ball
3-2: Base on Balls
Batting: RHB Paul DeJong 0-0: Called Strike
0-1: Ball
1-1: Foul Ball, location: 2F
1-2: DOUBLE (Line Drive, 7LM)
Justin Upton to third
Batting: RHB Stephen Piscotty 0-0: Called Strike
0-1: Swinging Strike
0-2: Strikes out swinging
Batting: LHB Jason Castro 0-0: Ball
1-0: Ball
2-0: Ball
3-0: Fly out, F9 (Flyball, 89M)
Runner from 3rd tags up, SCORES, throw made
Batting: RHB Trayce Thompson 0-0: Ball
1-0: Foul Ball, location: 2F
1-1: Ball
2-1: Ball
3-1: Swinging Strike
3-2: Foul Ball, location: 2F
3-2: Base on Balls
Batting: RHB Masahiro Tanaka 0-0: Foul Ball, location: 2F
0-1: Called Strike
0-2: SINGLE (Flyball, 89M)
Paul DeJong to third
Trayce Thompson to second
Runner from 3rd tries for Home, SAFE, no throw
Batting: SHB Yoan Moncada 0-0: Ground out U3 (Groundball, 3)
Bottom of the 2nd over - 2 runs, 2 hits, 0 errors, 2 left on base; Miami 3 - Chicago 2
TOP OF THE 3RD
Miami Marlins batting - Pitching for Chicago Cubs : RHP Masahiro Tanaka
Batting: SHB Francisco Lindor 0-0: Called Strike
0-1: Ball
1-1: Ball
2-1: Foul Ball, location: 2F
2-2: SINGLE (Groundball, 34D)
Batting: RHB C.J. Cron 0-0: Ball
1-0: Ball
2-0: Swinging Strike
2-1: Swinging Strike
2-2: Ball
3-2: Base on Balls
Francisco Lindor to second
Batting: LHB Max Kepler 0-0: Ball
1-0: Grounds into double play, 4-6-3 (Groundball, 4)
Francisco Lindor to third
Batting: LHB Ryan Flaherty 0-0: Ball
1-0: Called Strike
1-1: Foul Ball, location: 2F
1-2: Strikes out swinging
Top of the 3rd over - 0 runs, 1 hit, 0 errors, 1 left on base; Miami 3 - Chicago 2
BOTTOM OF THE 3RD
Chicago Cubs batting - Pitching for Miami Marlins : RHP Tanner Roark
Batting: LHB Cody Bellinger 0-0: Fly out, F8 (Flyball, 78M)
Batting: RHB Zack Cozart 0-0: Called Strike
0-1: SINGLE (Line Drive, 78S)
Batting: RHB Justin Upton 0-0: Foul Ball, location: 2F
0-1: Swinging Strike
0-2: Fielders Choice at 2nd, 1-6 (Groundball, 13S)
Batting: RHB Paul DeJong 0-0: Swinging Strike
0-1: Called Strike
0-2: Ball
1-2: Foul Ball, location: 2F
1-2: Foul Ball, location: 2F
1-2: Ball
2-2: Foul Ball, location: 2F
2-2: SINGLE (Line Drive, 7S)
Justin Upton to second
Batting: RHB Stephen Piscotty 0-0: Foul Ball, location: 2F
0-1: Called Strike
0-2: Foul Ball, location: 2F
0-2: Ball
1-2: Fly out, F9 (Flyball, 89S)
Bottom of the 3rd over - 0 runs, 2 hits, 0 errors, 2 left on base; Miami 3 - Chicago 2
TOP OF THE 4TH
Miami Marlins batting - Pitching for Chicago Cubs : RHP Masahiro Tanaka
Batting: RHB David Wright 0-0: Ball
1-0: Called Strike
1-1: Ball
2-1: DOUBLE (Line Drive, 9LM)
Batting: RHB Francisco Pena 0-0: Ball
1-0: Foul Ball, location: 2F
1-1: Ball
2-1: Ground out 4-3 (Groundball, 4)
David Wright to third
Batting: RHB Tanner Roark 0-0: Foul Ball, location: 2F
0-1: Ball
1-1: Ball
2-1: Foul Ball, location: 2F
2-2: Foul Ball, location: 2F
2-2: Foul Ball, location: 2F
2-2: Foul Ball, location: 2F
2-2: Strikes out swinging
Batting: LHB David Dahl 0-0: Swinging Strike
0-1: Foul Ball, location: 2F
0-2: Strikes out swinging
Top of the 4th over - 0 runs, 1 hit, 0 errors, 1 left on base; Miami 3 - Chicago 2
BOTTOM OF THE 4TH
Chicago Cubs batting - Pitching for Miami Marlins : RHP Tanner Roark
Batting: LHB Jason Castro 0-0: Ball
1-0: Called Strike
1-1: Foul Ball, location: 2F
1-2: Ball
2-2: Ball
3-2: Strikes out looking
Batting: RHB Trayce Thompson 0-0: Ball
1-0: Foul Ball, location: 2F
1-1: Fly out, F7 (Flyball, 7S)
Batting: RHB Masahiro Tanaka 0-0: Swinging Strike
0-1: Swinging Strike
0-2: Ground out 1-3 (Groundball, 13)
Bottom of the 4th over - 0 runs, 0 hits, 0 errors, 0 left on base; Miami 3 - Chicago 2
TOP OF THE 5TH
Miami Marlins batting - Pitching for Chicago Cubs : RHP Masahiro Tanaka
Batting: LHB Alex Gordon 0-0: Called Strike
0-1: Ball
1-1: Ball
2-1: Fly out, F8 (Flyball, 8LD)
Batting: SHB Francisco Lindor 0-0: Foul Ball, location: 2F
0-1: SINGLE (Line Drive, 8LS)
Batting: RHB C.J. Cron 0-0: Ball
1-0: Fielders Choice at 2nd, 5-4 (Groundball, 5L)
Batting: LHB Max Kepler 0-0: Swinging Strike
0-1: Swinging Strike
0-2: Strikes out swinging
Top of the 5th over - 0 runs, 1 hit, 0 errors, 1 left on base; Miami 3 - Chicago 2
BOTTOM OF THE 5TH
Chicago Cubs batting - Pitching for Miami Marlins : RHP Tanner Roark
Batting: SHB Yoan Moncada 0-0: Ball
1-0: Ball
2-0: Foul Ball, location: 2F
2-1: Swinging Strike
2-2: Ball
3-2: Foul Ball, location: 2F
3-2: Strikes out looking
Batting: LHB Cody Bellinger 0-0: Ball
1-0: Called Strike
1-1: Ball
2-1: Ball
3-1: Called Strike
3-2: Fly out, F5 (Popup, 5SF)
Batting: RHB Zack Cozart 0-0: Ball
1-0: Fly out, F7 (Flyball, 7)
Bottom of the 5th over - 0 runs, 0 hits, 0 errors, 0 left on base; Miami 3 - Chicago 2
TOP OF THE 6TH
Miami Marlins batting - Pitching for Chicago Cubs : RHP Masahiro Tanaka
Batting: LHB Ryan Flaherty 0-0: Ball
1-0: Ball
2-0: Called Strike
2-1: Foul Ball, location: 2F
2-2: Ball
3-2: Fly out, F7 (Flyball, 78S)
Batting: RHB David Wright 0-0: Called Strike
0-1: Ball
1-1: Ball
2-1: DOUBLE (Line Drive, 78M)
Batting: RHB Francisco Pena 0-0: Ball
1-0: Called Strike
1-1: Foul Ball, location: 2F
1-2: Ball
2-2: Ground out 5-3 (Groundball, 56S)
David Wright to third
Batting: RHB Tanner Roark 0-0: Ball
1-0: Foul Ball, location: 2F
1-1: Foul Ball, location: 2F
1-2: Ball
2-2: Strikes out swinging
Top of the 6th over - 0 runs, 1 hit, 0 errors, 1 left on base; Miami 3 - Chicago 2
BOTTOM OF THE 6TH
Chicago Cubs batting - Pitching for Miami Marlins : RHP Tanner Roark
Batting: RHB Justin Upton 0-0: Ground out U3 (Groundball, 3S)
Batting: RHB Paul DeJong 0-0: Foul Ball, location: 2F
0-1: DOUBLE (Line Drive, 7LS)
Batting: RHB Stephen Piscotty 0-0: Ball
1-0: Foul Ball, location: 2F
1-1: Swinging Strike
1-2: Ground out U3 (Groundball, 34S)
Paul DeJong to third
Batting: LHB Jason Castro 0-0: Called Strike
0-1: Ball
1-1: Foul Ball, location: 2F
1-2: Strikes out swinging
Bottom of the 6th over - 0 runs, 1 hit, 0 errors, 1 left on base; Miami 3 - Chicago 2
TOP OF THE 7TH
Miami Marlins batting - Pitching for Chicago Cubs : RHP Masahiro Tanaka
Pitching: RHP Giovanny Gallegos
Batting: LHB David Dahl 0-0: Called Strike
0-1: Foul Ball, location: 2F
0-2: Ball
1-2: Strikes out swinging
Batting: LHB Alex Gordon 0-0: Called Strike
0-1: Swinging Strike
0-2: Strikes out swinging
Batting: SHB Francisco Lindor 0-0: Fly out, F8 (Flyball, 8LS)
Top of the 7th over - 0 runs, 0 hits, 0 errors, 0 left on base; Miami 3 - Chicago 2
BOTTOM OF THE 7TH
Chicago Cubs batting - Pitching for Miami Marlins : RHP Tanner Roark
Pitching: RHP Mychal Givens
Batting: RHB Trayce Thompson 0-0: Foul Ball, location: 2F
0-1: Foul Ball, location: 2F
0-2: Foul Ball, location: 2F
0-2: Ball
1-2: Ball
2-2: Strikes out swinging
Pinch Hitting: RHB Jose Bautista 0-0: SOLO HOME RUN (Flyball, 78XD), Distance : 391 ft
Batting: SHB Yoan Moncada 0-0: Called Strike
0-1: Ball
1-1: Foul Ball, location: 2F
1-2: Ball
2-2: Ball
3-2: SINGLE (Groundball, 4MD)
Pitching: RHP Tyler Clippard
Batting: LHB Cody Bellinger 0-0: Ball
1-0: Foul Ball, location: 2F
1-1: Foul Ball, location: 2F
1-2: Strikes out looking
Batting: RHB Zack Cozart 0-0: Ball
1-0: Ball
2-0: Ball
3-0: Called Strike
3-1: Called Strike
3-2: Fly out, F7 (Line Drive, 7D)
Bottom of the 7th over - 1 run, 2 hits, 0 errors, 1 left on base; Miami 3 - Chicago 3
TOP OF THE 8TH
Miami Marlins batting - Pitching for Chicago Cubs : RHP Giovanny Gallegos
Pitching: RHP Dillon Maples
Batting: RHB C.J. Cron 0-0: Called Strike
0-1: Ball
1-1: Ball
2-1: Ball
3-1: Foul Ball, location: 2F
3-2: SINGLE (Groundball, 6D)
Batting: LHB Max Kepler 0-0: Ball
1-0: Ball
2-0: Ball
3-0: Called Strike
3-1: Base on Balls
C.J. Cron to second
Pinch Runner at 2nd Ian Desmond:
Batting: LHB Ryan Flaherty 0-0: Ball
1-0: Called Strike
1-1: Foul Ball, location: 2F
1-2: Foul Ball, location: 2F
1-2: Strikes out swinging
Pitching: RHP David Phelps
Batting: RHB David Wright 0-0: Ball
1-0: Called Strike
1-1: Swinging Strike
1-2: Ball
2-2: Ball
3-2: Base on Balls
Ian Desmond to third
Max Kepler to second
Batting: RHB Francisco Pena 0-0: Called Strike
0-1: Fly out, F7 (Flyball, 7LS)
Pinch Hitting: RHB Yasmany Tomas 0-0: Ball
1-0: Ball
2-0: Ball
3-0: Called Strike
3-1: Foul Ball, location: 2F
3-2: Foul Ball, location: 2F
3-2: Strikes out swinging
Top of the 8th over - 0 runs, 1 hit, 0 errors, 3 left on base; Miami 3 - Chicago 3
BOTTOM OF THE 8TH
Chicago Cubs batting - Pitching for Miami Marlins : RHP Tyler Clippard
Pitching: LHP Joe Ortiz
Now at 1B: Ian Desmond
Batting: RHB Justin Upton 0-0: Ball
1-0: Foul Ball, location: 2F
1-1: Ball
2-1: Called Strike
2-2: Foul Ball, location: 2F
2-2: Ground out 6-3 (Groundball, 56)
Batting: RHB Paul DeJong 0-0: Called Strike
0-1: Ball
1-1: Ball
2-1: Ball
3-1: Base on Balls
Batting: RHB Stephen Piscotty 0-0: Called Strike
0-1: Ball
1-1: Grounds into double play, 4-6-3 (Groundball, 4)
Bottom of the 8th over - 0 runs, 0 hits, 0 errors, 0 left on base; Miami 3 - Chicago 3
TOP OF THE 9TH
Miami Marlins batting - Pitching for Chicago Cubs : RHP David Phelps
Pitching: LHP Matt Moore
Batting: LHB David Dahl 0-0: Called Strike
0-1: Foul Ball, location: 2F
0-2: Strikes out looking
Batting: LHB Alex Gordon 0-0: Fly out, F9 (Flyball, 9S)
Batting: SHB Francisco Lindor 0-0: Ball
1-0: Foul Ball, location: 2F
1-1: Ball
2-1: Ball
3-1: Foul Ball, location: 2F
3-2: Strikes out swinging
Top of the 9th over - 0 runs, 0 hits, 0 errors, 0 left on base; Miami 3 - Chicago 3
BOTTOM OF THE 9TH
Chicago Cubs batting - Pitching for Miami Marlins : LHP Joe Ortiz
Pinch Hitting: RHB Willson Contreras 0-0: Ball
1-0: Ball
2-0: Ball
3-0: Base on Balls
Pinch Hitting: RHB Jedd Gyorko 0-0: Foul Ball, location: 2F
0-1: Ball
1-1: Foul Ball, location: 2F
1-2: Strikes out looking
Pinch Hitting: LHB Carlos Asuaje 0-0: Ball
1-0: Ball
2-0: Fly out, F7 (Flyball, 7)
Batting: SHB Yoan Moncada 0-0: Ball
1-0: Ball
2-0: Fly out, F8 (Flyball, 8RD)
Bottom of the 9th over - 0 runs, 0 hits, 0 errors, 1 left on base; Miami 3 - Chicago 3
TOP OF THE 10TH
Miami Marlins batting - Pitching for Chicago Cubs : LHP Matt Moore
Pitching: RHP Carter Capps
Now at C: Willson Contreras
Now in CF: Brennon Lund
Batting: RHB Ian Desmond 0-0: Foul Ball, location: 2F
0-1: Fly out, F8 (Flyball, 8RM)
Batting: LHB Max Kepler 0-0: Ball
1-0: Swinging Strike
1-1: Ball
2-1: Ball
3-1: Foul Ball, location: 2F
3-2: Base on Balls
Batting: LHB Ryan Flaherty 0-0: Called Strike
0-1: Ball
1-1: Ball
2-1: Called Strike
2-2: Strikes out looking
Batting: RHB David Wright 0-0: Swinging Strike
0-1: Ball
1-1: Foul Ball, location: 2F
1-2: Strikes out swinging
Top of the 10th over - 0 runs, 0 hits, 0 errors, 1 left on base; Miami 3 - Chicago 3
BOTTOM OF THE 10TH
Chicago Cubs batting - Pitching for Miami Marlins : LHP Joe Ortiz
Batting: LHB Cody Bellinger 0-0: Ball
1-0: SINGLE (Groundball, 4MD)
Batting: RHB Zack Cozart 0-0: Called Strike
0-1: Grounds into double play, 5-4-3 (Groundball, 56S)
Batting: RHB Justin Upton 0-0: Foul Ball, location: 2F
0-1: Foul Ball, location: 2F
0-2: Ball
1-2: Ball
2-2: Ball
3-2: Fly out, F9 (Flyball, 9)
Bottom of the 10th over - 0 runs, 1 hit, 0 errors, 0 left on base; Miami 3 - Chicago 3
TOP OF THE 11TH
Miami Marlins batting - Pitching for Chicago Cubs : RHP Carter Capps
Pinch Hitting: LHB Adam Frazier 0-0: SINGLE (Groundball, 13S) (infield hit)
Pinch Hitting: RHB Dan Robertson 0-0: Ball
1-0: Ball
2-0: Swinging Strike
2-1: Called Strike
2-2: Grounds into double play, 6-4-3 (Groundball, 6)
Batting: LHB David Dahl 0-0: SINGLE (Line Drive, 8RS)
Batting: LHB Alex Gordon 0-0: Ball
1-0: Foul Ball, location: 2F
1-1: Ball
2-1: Foul Ball, location: 2F
2-2: Fly out, F8 (Flyball, 8RXD)
Top of the 11th over - 0 runs, 2 hits, 0 errors, 1 left on base; Miami 3 - Chicago 3
BOTTOM OF THE 11TH
Chicago Cubs batting - Pitching for Miami Marlins : LHP Joe Ortiz
Pitching: LHP Boone Logan
Now at C: Martin Maldonado
Batting: RHB Paul DeJong 0-0: Called Strike
0-1: Fly out, F9 (Flyball, 89D)
Batting: RHB Stephen Piscotty 0-0: Foul Ball, location: 2F
0-1: Ball
1-1: Ball
2-1: Swinging Strike
2-2: Strikes out swinging
Batting: RHB Willson Contreras 0-0: Ball
1-0: Called Strike
1-1: Foul Ball, location: 2F
1-2: Ball
2-2: Ball
3-2: Base on Balls
Batting: LHB Brennon Lund 0-0: Called Strike
0-1: Foul Ball, location: 2F
0-2: Strikes out looking
Bottom of the 11th over - 0 runs, 0 hits, 0 errors, 1 left on base; Miami 3 - Chicago 3
TOP OF THE 12TH
Miami Marlins batting - Pitching for Chicago Cubs : RHP Carter Capps
Batting: SHB Francisco Lindor 0-0: Called Strike
0-1: Fly out, F5 (Popup, 56S)
Batting: RHB Ian Desmond 0-0: Ball
1-0: SINGLE (Groundball, 34D)
Batting: LHB Max Kepler 0-0: Swinging Strike
0-1: Ball
1-1: Ball
2-1: Ball
3-1: Foul Ball, location: 2F
3-2: Base on Balls
Ian Desmond to second
Batting: LHB Ryan Flaherty 0-0: Swinging Strike
0-1: Swinging Strike
0-2: Ball
1-2: Ball
2-2: Ball
3-2: Foul Ball, location: 2F
3-2: Foul Ball, location: 2F
3-2: Foul Ball, location: 2F
3-2: Foul Ball, location: 2F
3-2: Base on Balls
Ian Desmond to third
Max Kepler to second
Batting: RHB David Wright 0-0: Ball
1-0: Ball
2-0: Ball
3-0: Called Strike
3-1: Foul Ball, location: 2F
3-2: Base on Balls
Ian Desmond scores
Max Kepler to third
Ryan Flaherty to second
Batting: RHB Martin Maldonado 0-0: Ball
1-0: Foul Ball, location: 2F
1-1: Foul Ball, location: 2F
1-2: Foul Ball, location: 2F
1-2: Ball
2-2: Ball
3-2: Base on Balls
Max Kepler scores
Ryan Flaherty to third
David Wright to second
Batting: RHB Boone Logan 0-0: Called Strike
0-1: Ball
1-1: Foul Ball, location: 2F
1-2: Ball
2-2: Ball
3-2: DOUBLE (Line Drive, 8RD)
Ryan Flaherty scores
David Wright scores
Martin Maldonado to third
Pitching: LHP Tony Cingrani
Batting: LHB David Dahl 0-0: Called Strike
0-1: Fly out, F9 (Flyball, 9LMF)
Runner from 3rd tags up, SCORES, no throw
Batting: LHB Alex Gordon 0-0: Fly out, F9 (Flyball, 9S)
Top of the 12th over - 5 runs, 2 hits, 0 errors, 1 left on base; Miami 8 - Chicago 3
BOTTOM OF THE 12TH
Chicago Cubs batting - Pitching for Miami Marlins : LHP Boone Logan
Now at 2B: Charlie Culberson
Batting: LHB Tony Cingrani 0-0: Foul Ball, location: 2F
0-1: Ball
1-1: Foul Ball, location: 2F
1-2: Strikes out swinging
Batting: SHB Yoan Moncada 0-0: Called Strike
0-1: Called Strike
0-2: Strikes out swinging
Batting: LHB Cody Bellinger 0-0: Ball
1-0: Ball
2-0: Called Strike
2-1: Ball
3-1: Base on Balls
Batting: RHB Zack Cozart 0-0: Ball
1-0: Called Strike
1-1: Called Strike
1-2: Ball
2-2: Ball
3-2: Base on Balls
Cody Bellinger to second
Batting: RHB Justin Upton 0-0: Ball
1-0: Ball
2-0: Ball
3-0: Base on Balls
Cody Bellinger to third
Zack Cozart to second
Batting: RHB Paul DeJong 0-0: Ball
1-0: Ball
2-0: Ball
3-0: Called Strike
3-1: Base on Balls
Cody Bellinger scores
Zack Cozart to third
Justin Upton to second
Batting: RHB Stephen Piscotty 0-0: Foul Ball, location: 2F
0-1: Foul Ball, location: 2F
0-2: Hit by Pitch
Zack Cozart scores
Justin Upton to third
Paul DeJong to second
Batting: RHB Willson Contreras 0-0: Ball
1-0: Ball
2-0: Ball
3-0: Base on Balls
Justin Upton scores
Paul DeJong to third
Stephen Piscotty to second
Batting: LHB Brennon Lund 0-0: Ball
1-0: Ball
2-0: Ball
3-0: Base on Balls
Paul DeJong scores
Stephen Piscotty to third
Willson Contreras to second
Batting: LHB Tony Cingrani 0-0: Ground out 6-3 (Groundball, 6MD)
Bottom of the 12th over - 4 runs, 0 hits, 0 errors, 3 left on base; Miami 8 - Chicago 7
Friday, June 29th, 2018 - OOTP Baseball 19.6 Build 53